 Dungeon Crawl Stone Soup version 0.32-a0-433-g08bcfe7efd (webtiles) character file.

Game seed: 12077202620520755801

1491 senseless the Trooper (level 8, 0/70 HPs)
             Began as a Minotaur Shapeshifter on Feb 22, 2024.
             Slain by a yak (7 damage)
             ... on level 6 of the Dungeon.
             The game lasted 00:12:28 (4052 turns).

senseless the Trooper (Minotaur Shapeshifter)       Turns: 4052, Time: 00:12:28

Health: 0/70       AC:  7    Str: 21    XL:     8   Next: 51%
Magic:  7/7        EV: 14    Int:  7    God:
Gold:   224        SH:  0    Dex: 13    Spells: 7/7 levels left

rFire   . . .        C - +8 longbow "Zephyr" {speed, Dex+3 SInv}
rCold   . . .        (shield currently unavailable)
rNeg    . . .        E - +0 steam dragon scales
rPois   .            (helmet unavailable)
rElec   .            n - +0 cloak
rCorr   .            t - +0 pair of gloves
SInv    +            (no boots)
Will    .....        A - amulet of regeneration
Stlth   +            (no ring)
HPRegen 1.11/turn    (no ring)
MPRegen 0.10/turn

%: no passive effects
@: no status effects
A: horns 3, retaliatory headbutt
a: no special abilities


You were on level 6 of the Dungeon.
You visited 1 branch of the dungeon, and saw 6 of its levels.

You collected 224 gold pieces.

Inventory:

Hand Weapons
 k - the +9 whip "Esupti" {elec, ^Contam rF- rC++ Int+3}
   (You found it on level 2 of the Dungeon)

   Int+3:     It affects your intelligence (+3).
   rF-:       It makes you vulnerable to fire.
   rC++:      It greatly protects you from cold.
   ^Contam:   It causes magical contamination when unequipped.
 o - a +4 quarterstaff of chaos
 y - the +7 orcbow of Decaying Tenacity {antimagic, rN+ Will+ Str-2 Int+3 Stlth+}
   (You found it on level 4 of the Dungeon)

   Str-2:     It affects your strength (-2).
   Int+3:     It affects your intelligence (+3).
   rN+:       It protects you from negative energy.
   Will+:     It increases your willpower.
   Stlth+:    It makes you more stealthy.
 B - a +2 falchion of holy wrath
 C - the +8 longbow "Zephyr" (weapon) {speed, Dex+3 SInv}
   (You took it off an orc on level 5 of the Dungeon)

   Dex+3:     It affects your dexterity (+3).
   SInv:      It lets you see invisible.
Armour
 g - a +2 hat
 n - a +0 cloak (worn)
 p - a +0 leather armour
 q - an orb of mayhem
 t - a +0 pair of gloves (worn)
 E - +0 steam dragon scales (worn)
Magical Staves
 l - a staff of alchemy
Jewellery
 A - an amulet of regeneration (around neck)
Talismans
 c - a beast talisman
 d - a flux talisman
 i - a serpent talisman
Wands
 a - a wand of roots (6)
Scrolls
 b - a scroll of noise {unknown}
 e - 3 scrolls of fog {unknown}
 f - a scroll of torment {unknown}
 h - 2 scrolls of fear {unknown}
 j - 7 scrolls of identify {unknown}
 s - a scroll of immolation {unknown}
 w - a scroll of silence {unknown}
Potions
 m - 2 potions of lignification
 r - a potion of degeneration {unknown}
 u - a potion of haste {unknown}
 v - a potion of resistance {unknown}
 x - a potion of curing
 z - a potion of berserk rage {unknown}
 D - 2 potions of mutation {unknown}


   Skills:
 + Level 6.2 Fighting
 + Level 4.1 Ranged Weapons
 + Level 2.2 Armour
 + Level 6.0 Dodging
 - Level 4.7 Unarmed Combat
 - Level 4.7 Shapeshifting


You had 7 spell levels left.
You didn't know any spells.
Your spell library contained the following spells:

 Spells                   Type           Power      Damage    Failure   Level
 Foxfire                  Conj/Fire      0%         2x1d4     43%         1
 Mercury Vapours          Alch/Air       0%         N/A       56%         2
 Mephitic Cloud           Conj/Alch/Air  0%         N/A       80%         3
 Brom's Barrelling Bould  Conj/Erth      0%         2d3       99%         4
 Fireball                 Conj/Fire      0%         3d3       100%        5
 Freezing Cloud           Conj/Ice/Air   0%         6-21      100%        5
 Iskenderun's Battlesphe  Conj           0%         2d6       100%        5
 Conjure Ball Lightning   Conj/Air       0%         3x3d6     100%        6
 Plasma Beam              Fire/Air       0%         2x1d10    100%        6
 Starburst                Conj/Fire      0%         6d3       100%        6
 Orb of Destruction       Conj           0%         9d5       100%        7
 Chain Lightning          Conj/Air       0%         N/A       100%        9
 Fire Storm               Conj/Fire      0%         5d1       100%        9
 Shatter                  Erth           0%         3d5*      100%        9


Dungeon Overview and Level Annotations

Branches:
Dungeon (6/15)
 Temple: D:4-7

Altars:
Dithmenos
Makhleb
Vehumet


Innate Abilities, Weirdness & Mutations

You have a pair of large horns on your head.
You reflexively headbutt those who attack you in melee.


Message History

You shoot an arrow. The arrow barely misses the yak.
The yak bellows!
You hear a bellow!
You hear an angry hiss.
A yak comes into view.
You hear a bellow!
You shoot an arrow. The arrow barely misses the yak.
You shoot an arrow. The arrow hits the yak.
The yak is lightly wounded.
A yak comes into view.
You shoot an arrow. The arrow hits the yak.
The yak is lightly wounded.
A yak comes into view.
The yak bellows!
You shoot an arrow. The arrow barely misses the yak.
You shoot an arrow. The arrow hits the yak!
The yak is moderately wounded.
The yak gores you! x2
You shoot an arrow. The arrow barely misses the yak.
The yak gores you but does no damage. The yak misses you.
You shoot an arrow.
The arrow hits the yak but does no damage.
The yak is moderately wounded.
The yak closely misses you. The yak gores you but does no damage.
You shoot an arrow. The arrow closely misses the yak.
The arrow hits the yak.
The yak is lightly wounded.
The yak barely misses you. The yak gores you!
You shoot an arrow. The arrow hits the yak.
The yak is moderately wounded.
The yak gores you. The yak gores you but does no damage. The yak gores you!
You are too injured to fight recklessly!
You are too injured to fight recklessly!
The yak gores you!
* * * LOW HITPOINT WARNING * * *
The yak attacks as it pursues you! The yak gores you.
* * * LOW HITPOINT WARNING * * *
The yak completely misses you. You furiously retaliate!
You headbutt the yak. The yak attacks as it pursues you! The yak gores you!
* * * LOW HITPOINT WARNING * * *
There is a stone staircase leading up here.
The yak gores you!
You die...

##........
###..........(# #
#.............#.###
#.........##.#$..#
##.........#..$...
##<.)..............
#.................#
##.#.....Y.........
###@YY.##.........
##Y..YY.........
##.##..........
#####.#...#...
......# ..
......... .
..........
##.........
..........


You could see 6 yaks.

Vanquished Creatures
  Maggie (D:6)
  Grinder (D:4)
  Sigmund (D:2)
  Duvessa (D:5)
  An ice beast (D:5)
  2 centaurs (D:5)
  A phantom (D:5)
  Blork the orc (D:5)
  Dowan (D:4)
  A howler monkey (D:5)
  3 hounds (D:5)
  Crazy Yiuf (D:2)
  Jessica (D:2)
  5 adders
  2 dart slugs
  4 orcs
  8 ball pythons
  3 bats
  5 endoplasms
  4 giant cockroaches
  5 goblins
  5 hobgoblins
  4 kobolds
  2 quokkas (D:2)
  3 frilled lizards
  8 rats
74 creatures vanquished.

Notes
Turn   | Place    | Note
-------+----------+-------------------------------------------
     0 | D:1      | senseless the Minotaur Shapeshifter began the quest for the
                  | Orb.
     0 | D:1      | Reached XP level 1. HP: 16/16 MP: 0/0
   246 | D:1      | Reached XP level 2. HP: 21/23 MP: 1/1
   800 | D:2      | Reached XP level 3. HP: 28/29 MP: 2/2
   907 | D:2      | Noticed Sigmund
   937 | D:2      | Killed Sigmund
   938 | D:2      | Reached XP level 4. HP: 38/38 MP: 3/3
   938 | D:2      | Reached XP level 5. HP: 45/45 MP: 4/4
  1026 | D:2      | Found a radiant altar of Vehumet.
  1041 | D:2      | Identified the +9 whip "Esupti" {elec, ^Contam rF- rC++
                  | Int+3}
  1134 | D:2      | Found a runed translucent door.
  1135 | D:2      | Noticed Crazy Yiuf
  1425 | D:2      | Noticed Jessica
  1429 | D:2      | Killed Jessica
  1595 | D:2      | Killed Crazy Yiuf
  1596 | D:2      | Reached XP level 6. HP: 35/52 MP: 5/5
  2201 | D:3      | Found a burning altar of Makhleb.
  2201 | D:3      | Noticed an Executioner
  2204 | D:3      | Noticed a ynoxinul
  2204 | D:3      | Noticed a ynoxinul
  2730 | D:4      | Identified the +7 orcbow of Decaying Tenacity {antimagic,
                  | rN+ Will+ Str-2 Int+3 Stlth+}
  2737 | D:4      | Gained mutation: You have a pair of large horns on your
                  | head. [mutagenic glow]
  2747 | D:4      | Found a shadowy altar of Dithmenos.
  2954 | D:5      | Entered Level 5 of the Dungeon
  2982 | D:5      | Reached skill level 1 in Ranged Weapons
  3035 | D:5      | Noticed Duvessa
  3036 | D:5      | Noticed Grinder
  3037 | D:5      | Paralysed by Grinder for 2 turns
  3049 | D:5      | Noticed Dowan
  3055 | D:5      | Killed Duvessa
  3056 | D:5      | Reached XP level 7. HP: 41/60 MP: 2/6
  3065 | D:4      | Killed Dowan
  3069 | D:4      | Killed Grinder
  3137 | D:5      | Noticed Blork the orc
  3140 | D:5      | Killed Blork the orc
  3141 | D:5      | Reached skill level 5 in Fighting
  3141 | D:5      | Reached skill level 5 in Dodging
  3158 | D:5      | Reached XP level 8. HP: 66/68 MP: 2/7
  3970 | D:6      | Noticed Maggie
  3979 | D:6      | Killed Maggie
  4052 | D:6      | Slain by a yak

Illustrated notes

Levels and vault maps discovered:
D:1:      sevenhm_arrival_forest_fort_small_4, layout_loops_ring,
          minmay_pentomino_o4
D:2:      layout_basic, basic_altar, uniq_crazy_yiuf_cottage, uniq_jessica,
          uniq_sigmund
D:3:      wad_woods_pond, layout_basic, makhleb_altar_promises_db
D:4:      layout_rooms, nicolae_dithmenos_the_darkroom
D:5:      layout_layer_cave, uniq_duvessa, uniq_blork_the_orc, uniq_grinder
D:6:      layout_cave_pools, mainiacjoe_overflow_six_doors_small,
          lemuel_crystal_altar, gammafunk_ghost_smash, uniq_maggie, uniq_pikel

Skill      XL: |  1  2  3  4  5  6  7  8 |
---------------+-------------------------+-----
Fighting       | 2 3 4 5 6 |  6.2
Dodging        | 3 4 5 6 |  6.0
Unarmed Combat | 4 |  4.7
Shapeshifting  | 3 4 |  4.7
Ranged Weapons | 1 2 4 |  4.1
Armour         | 2 |  2.2

Action                     |  1- 3 |  4- 6 |  7- 9 || total
---------------------------+-------+-------+-------++-------
  Melee: Unarmed           |    59 |       |       ||    59
         Headbutt          |     7 |     9 |       ||    16
         Whip              |       |    49 |       ||    49
   Fire: Orcbow            |       |    28 |    48 ||    76
         Longbow           |       |       |    27 ||    27
    Use: Potion            |     2 |       |       ||     2
   Stab: Sleeping          |     1 |       |       ||     1
 Armour: Animal skin       |    23 |     1 |       ||    24
         Skin              |     4 |       |       ||     4
         Leather armour    |       |    21 |    29 ||    50
         Steam dragon scal |       |       |    12 ||    12
  Dodge: Dodged            |    23 |    32 |    24 ||    79
         Form:             |       |     1 |       ||     1

Table legend: (Time is in decaauts)
 A = Elapsed time spent in this place.
 B = Non-inter-level travel time spent in this place.
 C = Inter-level travel time spent in this place.
 D = Time resting spent in this place.
 E = Time spent auto-exploring this place.
 F = Levels seen in this place.
 G = Mean time per level.
                   A        B        C        D        E       F      G
               +--------+--------+--------+--------+--------+-----+--------+
         Total |   4094 |   3912 |    182 |     89 |   3222 |   6 |  682.3 |
       Dungeon |   4094 |   3912 |    182 |     89 |   3222 |   6 |  682.3 |
               +--------+--------+--------+--------+--------+-----+--------+

Top non-repeatable levels by time:
     D:5: 992 daAuts
     D:2: 959 daAuts
     D:3: 843 daAuts
     D:1: 788 daAuts
     D:4: 427 daAuts
     D:6: 81 daAuts
